 Dungeon Crawl Stone Soup version 0.29.1-2-gbd0b4ee654 (webtiles) character file.

Game seed: 13085356434287716661

9 Groucho the Conjurer (level 2, -1/11 HPs)
             Began as a Felid Conjurer on Nov 21, 2022.
             Slain by an adder (2 damage)
             ... on level 1 of the Dungeon.
             The game lasted 00:01:40 (2233 turns).

Groucho the Conjurer (Felid Conjurer)               Turns: 2233, Time: 00:01:40

Health: -1/11      AC:  1    Str:  3    XL:     2   Next: 3%
Magic:  6/6        EV: 17    Int: 19    God:
Gold:   33         SH:  0    Dex: 14    Spells: 4/5 levels left
                                        Lives:  0   Deaths: 0

rFire   + . .      SeeInvis +   (weapon unavailable)
rCold   + . .      Faith    .   (shield unavailable)
rNeg    . . .      Spirit   .   (body armour unavailable)
rPois   +          Reflect  .   (helmet unavailable)
rElec   +          Harm     .   (cloak unavailable)
rCorr   +          Rampage  .   (gloves unavailable)
Will    .....                   (boots unavailable)
Stlth   ++........              (no amulet)
HPRegen 0.03/turn               (no ring)
MPRegen 0.10/turn               (no ring)

@: resistant, quick
A: very small, claws 1, fangs 3, see invisible, speed 1, shaggy fur 1, stealthy
paws, no weapons or thrown items, no armour, multi-lived
a: no special abilities


You were on level 1 of the Dungeon.
You visited 1 branch of the dungeon, and saw 2 of its levels.

You collected 33 gold pieces.

Inventory:

Scrolls
 b - a scroll of identify {unknown}
 d - a scroll of enchant weapon {unknown}
Potions
 a - 2 potions of magic
 e - a potion of heal wounds {unknown}


   Skills:
 + Level 0.2 Fighting
 + Level 2.8 Dodging
 * Level 3.0 Stealth
 * Level 0.5 Unarmed Combat
 * Level 2.1 Spellcasting
 * Level 3.7 Conjurations


You had 4 spell levels left.
You knew the following spells:

 Your Spells              Type           Power      Damage    Failure   Level
a - Magic Dart            Conj           64%        1d6       3%          1

Your spell library contained the following spells:

 Spells                   Type           Power      Damage    Failure   Level
 Searing Ray              Conj           32%        2d5       5%          2
 Dazzling Flash           Conj/Hex       18%        N/A       24%         3
 Fulminant Prism          Conj/Hex       4%         3d6       61%         4
 Iskenderun's Mystic Bla  Conj/Tloc      9%         2d4       61%         4


Dungeon Overview and Level Annotations

Branches:
Dungeon (2/15)

Altars:


Innate Abilities, Weirdness & Mutations

You have sharp claws.
You have razor-sharp teeth.
You have supernaturally acute eyesight. (SInv)
You cover ground quickly. (Speed+)
You are covered in fur. (AC +1)
Your paws help you pounce on unaware monsters.
You are incapable of wielding weapons or throwing items.
You cannot wear armour.
You gain extra lives every three experience levels.


Message History

You kill the ball python!
Your Stealth skill increases to level 3!
You have reached level 2!
Unknown command.
Unknown command.
Found a stone staircase leading down.
No target in view!
No target in view!
No target in view!
An adder comes into view.
An adder is nearby!
A ball python comes into view.
The adder hisses angrily.
You see here a book of Decay.
Found a fuming pink potion.
You pounce on the unaware helpless ball python!
You claw the ball python!
You kill the ball python!
The adder bites you.
You scratch the adder but do no damage. The adder bites you.
You are too injured to fight recklessly!
You are too injured to fight recklessly!
You are too injured to fight recklessly!
You are too injured to fight recklessly!
The adder attacks as you move away! The adder misses you.
Found an escape hatch in the ceiling.
You see here a ball python corpse.
The adder attacks as you move away! The adder completely misses you.
The adder attacks as you move away! The adder bites you.
* * * LOW HITPOINT WARNING * * *
The adder bites you.
* * * LOW HITPOINT WARNING * * *
There is an escape hatch in the ceiling here.
The adder barely misses you. A mysterious force pulls you upwards.
The hatch slams shut behind you.
Unknown command.
It was a potion of resistance.
You feel protected. The adder bites you.
You die...

######..###..#.....[#
#.#...
#.......#....#.####.#
#.[...
#.####.......#.####.####
###...
#.####..###..#.#.......#
#### #.##....#
#..#.#.##.##.# #
#.##.##.###......##.##.##
#
#.##.##.....##......#...#
#
#.......###.......###...##
# ####.####
#.....@.#......########
#.#
#......S#....#.#.......
#.#
#......................
#.#
#.......#.#.##.#.......
#.#
#.......#.#.##.########
##.## #.......#......# #
#.[.# ##############.# #
#.#.# #.# # #...# #.# #


You could see an adder.

Vanquished Creatures
  A bat (D:1)
  A kobold (D:1)
  A quokka (D:1)
  4 ball pythons
  A frilled lizard (D:1)
  A rat (D:1)
9 creatures vanquished.

Vanquished Creatures (others)
  4 fungi (D:1)
  7 plants (D:1)
11 creatures vanquished.

Grand Total: 20 creatures vanquished

Notes
Turn   | Place    | Note
-------+----------+-------------------------------------------
     0 | D:1      | Groucho the Felid Conjurer began the quest for the Orb.
     0 | D:1      | Reached XP level 1. HP: 7/7 MP: 4/4
  1740 | D:1      | Found a faded altar of an unknown god.
  2208 | D:2      | Reached XP level 2. HP: 11/11 MP: 6/6
  2233 | D:1      | Slain by an adder

Illustrated notes

Levels and vault maps discovered:
D:1:      lemuel_arrival_river_bridge, layout_loops_cross,
          dreamdust_ecumenical_altar_hidden_monk_grotto, minmay_misc_feat_roman
D:2:      layout_basic, kennysheep_boxes, uniq_sigmund

Skill      XL: |  1 |
---------------+----+-----
Stealth        | 3 |  3.0
Fighting       | |  0.2
Dodging        | |  2.8
Unarmed Combat | |  0.5
Spellcasting   | |  2.1
Conjurations   | |  3.7

Action                   || total
-------------------------++-------
Melee: Unarmed           ||    52
       Bite              ||    13
 Cast: Magic Dart        ||     8
  Use: Potion            ||     1
 Stab: Sleeping          ||     3
Armor: Skin              ||     2
Dodge: Dodged            ||    15
